 Dungeon Crawl Stone Soup version 0.17-a0-1368-g6ab37f2 (webtiles) character file.

62 bal the Bolt Thrower (level 3, 0/29 HPs)
             Began as a Centaur Hunter on June 12, 2015.
             Succumbed to an adder's poison
             ... on level 3 of the Dungeon.
             The game lasted 00:04:44 (1174 turns).

bal the Bolt Thrower (Centaur Hunter)               Turns: 1174, Time: 00:04:44

Health: 0/29       AC:  4    Str: 15    XL:     3   Next: 85%
Magic:  3/3        EV:  9    Int: 10    God:
Gold:   65         SH:  0    Dex:  9    Spells: 0 memorised, 2 levels left

rFire  . . .     SeeInvis .     r - +0 arbalest
rCold  . . .     Clarity  .     d - +0 leather armour
rNeg   . . .     SustAt   .     (no shield)
rPois  .         Gourm    .     (no helmet)
rElec  .         Spirit   .     (no cloak)
rCorr  .         Warding  .     (no gloves)
rMut   .         Stasis   .     (no barding)
MR     .....                    (no amulet)
Stlth  +.........               (no ring)
                                (no ring)

@: lethally poisoned (0 -> -8), very quick, not resistant to hostile
enchantments, very unstealthy
A: hooves 3, deformed body, speed 2, tough skin 3
a: no special abilities


You were on level 3 of the Dungeon.
You were not hungry.

You visited 1 branch of the dungeon, and saw 3 of its levels.

You collected 65 gold pieces.

Inventory:

Hand weapons
 a - a +1 hand crossbow
 c - a +0 short sword
 r - a +0 arbalest (weapon)
Armour
 d - a +0 leather armour (worn)
Jewellery
 i - an uncursed amulet of faith {unknown}
 j - a +3 ring of protection {unknown}
 l - a cursed -4 ring of slaying {unknown}
Magical devices
 h - a wand of polymorph (10)
Scrolls
 k - 5 scrolls of identify {unknown}
 n - a scroll of enchant armour {unknown}
 o - a scroll of remove curse {unknown}
 p - 3 scrolls of blinking {unknown}
 q - a scroll of teleportation {unknown}
 s - a scroll of enchant weapon {unknown}
Potions
 f - a potion of resistance
Comestibles
 e - a bread ration
 g - 5 chunks of flesh


   Skills:
 + Level 2.1 Fighting
 + Level 5.7 Crossbows
 + Level 0.1 Armour
 + Level 1.7 Dodging
 + Level 0.5 Stealth


You had 2 spell levels left.
You didn't know any spells.

Dungeon Overview and Level Annotations

Branches:
Dungeon (3/15)

Altars:
Xom
Zin


Innate Abilities, Weirdness & Mutations

You have hooves in place of feet.
Armour fits poorly on your strangely shaped body.
You cover ground very quickly.
You have extremely tough skin (AC +3).


Message History

The adder poisons you!
You clumsily bash the adder but do no damage.
The adder is heavily wounded.
You feel sick. The adder bites you but does no damage.
The adder bites you but does no damage.
You barely miss the adder.
The adder is heavily wounded.
You feel sick. The adder bites you but does no damage. The adder bites you.
* * * LOW HITPOINT WARNING * * *
You are more poisoned.
The adder poisons you!
You miss the adder.
The adder is heavily wounded.
* * * LOW HITPOINT WARNING * * *
You feel sick. The adder bites you.
* * * LOW HITPOINT WARNING * * *
The adder closely misses you.
You closely miss the adder. Your kick misses the adder.
The adder is heavily wounded.
You die...

### ##.####†..#
#........
#...###..##...###
#........
............[...#
#........
#####..)#######.##
<........ # ##.#.#
#....##.......
#.######..#.# .....#
.......^ #.#......##.#
#.###.......####
#.........#.####........
#.#......#..#hS@..#
##.##.###......###.#
.#.##(#...#.#### #
...#.(..##..#
....(.####.## ..##..#
#.# .....## #.# ...###
#.. .#. #..


You could see an adder and a jackal.

Vanquished Creatures
  An adder (D:2)
  An ooze (D:3)
  3 giant geckos
  An orc (D:3)
  2 ball pythons (D:2)
  6 goblins
  7 hobgoblins
  6 jackals
  3 bats
  3 giant cockroaches
  2 giant newts
  6 kobolds
  3 rats (D:1)
44 creatures vanquished.

Notes
Turn   | Place    | Note
--------------------------------------------------------------
     0 | D:1      | bal the Centaur Hunter began the quest for the Orb.
     0 | D:1      | Reached XP level 1. HP: 17/17 MP: 1/1
   155 | D:1      | Reached XP level 2. HP: 24/24 MP: 2/2
   248 | D:1      | Reached skill level 5 in Crossbows
   564 | D:2      | Found a glowing silver altar of Zin.
   564 | D:2      | Found a shimmering altar of Xom.
   564 | D:2      | Noticed an angel
   572 | D:2      | Reached XP level 3. HP: 29/29 MP: 3/3
   629 | D:2      | Found a faded altar to an unknown god.
  1173 | D:3      | HP: 1/29 [adder (1)]
  1174 | D:3      | Succumbed to an adder's poison

Vault maps used:
D:1:      elethiomel_arrival_shortcut
D:2:      grunt_temple_overflow_order_and_chaos_1, ecumenical_altar_1
D:3:      minmay_overflow_temple_hex, st_stairs_14

Action                   || total
-------------------------++-------
Melee: Arbalest          ||    12
 Fire: Hand crossbow     ||    52
       Arbalest          ||    53
  Use: Potion            ||     4
